| TOP OF THE 1ST |
|
Chicago (NYP) White Sox batting - Pitching for Spokane Indians : RHP Alexander Neustroev
|
|
Pitching: RHP Alexander Neustroev
|
|
|
Batting: LHB Adam Tarbutton
|
0-0: Ball 1-0: Reached on error, E3 (Groundball, 34, EV 89.4 MPH)
|
|
Batting: RHB Russ Cornett
|
0-0: Called Strike 0-1: Ball 1-1: Fly out, F8 (Flyball, 78D, EV 95.6 MPH)
|
|
Batting: SHB Alfie Bungledorf
|
0-0: Called Strike 0-1: Foul Ball, location: 2F 0-2: Ball 1-2: Fly out, F9 (Flyball, 9LM, EV 97.5 MPH)
|
|
Batting: RHB Will Washburn
|
0-0: Called Strike Adam Tarbutton is caught stealing 2nd base 2-4
|
| Top of the 1st over - 0 runs, 0 hits, 1 error, 0 left on base; Chicago (NYP) 0 - Spokane 0 |
| BOTTOM OF THE 1ST |
|
Spokane Indians batting - Pitching for Chicago (NYP) White Sox : LHP Juan Fuentes
|
|
Pitching: LHP Juan Fuentes
|
|
|
Batting: RHB Luke Stark
|
0-0: Ball 1-0: Ball 2-0: Ball 3-0: Base on Balls
|
|
Batting: RHB Ryan Pastore
|
0-0: Called Strike 0-1: Ball 1-1: Ball 2-1: Ball 3-1: Base on Balls Luke Stark to second
|
|
Batting: RHB Reilly Hawkins
|
0-0: Ball Luke Stark steals 3rd base Ryan Pastore to second 1-0: Ball 2-0: Ball 3-0: Called Strike 3-1: Base on Balls
|
|
Batting: RHB Eddie Wilkins
|
0-0: Called Strike 0-1: Foul Ball, location: 2F 0-2: Ball 1-2: Foul Ball, location: 2F 1-2: Ball 2-2: Foul Ball, location: 2F 2-2: Ball 3-2: Foul Ball, location: 2F 3-2: Fly out, F9 (Flyball, 89M, EV 96.2 MPH)
|
|
Batting: RHB Orlando Melchor
|
0-0: Called Strike 0-1: Foul Ball, location: 2F 0-2: Ball 1-2: Foul Ball, location: 2F 1-2: Ball 2-2: Ball 3-2: DOUBLE (Line Drive, 7LS, EV 98.1 MPH) Luke Stark scores Ryan Pastore scores Reilly Hawkins to third
|
|
Batting: RHB Antonio Pacheco
|
0-0: Ground out 5-3 (Groundball, 56, EV 93.1 MPH) Reilly Hawkins scores
|
|
Batting: RHB Rafael Medina
|
0-0: Fly out, F8 (Line Drive, 8LD, EV 108.8 MPH)
|
| Bottom of the 1st over - 3 runs, 1 hit, 0 errors, 1 left on base; Chicago (NYP) 0 - Spokane 3 |
| TOP OF THE 2ND |
|
Chicago (NYP) White Sox batting - Pitching for Spokane Indians : RHP Alexander Neustroev
|
|
Batting: RHB Will Washburn
|
0-0: Ball 1-0: Ball 2-0: Swinging Strike 2-1: Ground out 6-3 (Groundball, 6D, EV 97.5 MPH)
|
|
Batting: LHB Joe Kirkland
|
0-0: Ground out 6-3 (Groundball, 6, EV 106.9 MPH)
|
|
Batting: RHB Adan Lake
|
0-0: Ball 1-0: Ground out 5-3 (Groundball, 56, EV 103.8 MPH)
|
| Top of the 2nd over - 0 runs, 0 hits, 0 errors, 0 left on base; Chicago (NYP) 0 - Spokane 3 |
| BOTTOM OF THE 2ND |
|
Spokane Indians batting - Pitching for Chicago (NYP) White Sox : LHP Juan Fuentes
|
|
Batting: SHB Santos Renteria
|
0-0: Ball 1-0: Foul Ball, location: 2F 1-1: Fly out, F6 (Flyball, 6MD, EV 97.5 MPH)
|
|
Batting: RHB Luis Reyna
|
0-0: Called Strike 0-1: Ball 1-1: SINGLE (Groundball, 6M, EV 86.9 MPH) (infield hit)
|
|
Batting: RHB Luke Stark
|
0-0: Foul Ball, location: 2F 0-1: Called Strike 0-2: Foul Ball, location: 2F 0-2: Strikes out swinging Luis Reyna is caught stealing 2nd base 2-4 Batter strikes out.
|
| Bottom of the 2nd over - 0 runs, 1 hit, 0 errors, 0 left on base; Chicago (NYP) 0 - Spokane 3 |
| TOP OF THE 3RD |
|
Chicago (NYP) White Sox batting - Pitching for Spokane Indians : RHP Alexander Neustroev
|
|
Batting: SHB Curtis Thompson
|
0-0: Called Strike 0-1: Foul Ball, location: 2F 0-2: Hit by Pitch
|
|
Batting: RHB Armando Vazquez
|
0-0: Called Strike 0-1: Ball 1-1: Ball 2-1: Ball 3-1: Swinging Strike 3-2: Strikes out swinging
|
|
Batting: RHB Ioan Biros
|
0-0: Foul Ball, location: 2F 0-1: Swinging Strike 0-2: Fly out, F9 (Flyball, 9LM, EV 91.2 MPH)
|
|
Batting: LHB Adam Tarbutton
|
0-0: Called Strike Curtis Thompson is caught stealing 2nd base 2-6
|
| Top of the 3rd over - 0 runs, 0 hits, 0 errors, 0 left on base; Chicago (NYP) 0 - Spokane 3 |
| BOTTOM OF THE 3RD |
|
Spokane Indians batting - Pitching for Chicago (NYP) White Sox : LHP Juan Fuentes
|
|
Batting: RHB Ryan Pastore
|
0-0: Called Strike 0-1: Ball 1-1: SOLO HOME RUN (Flyball, 9LD, EV 93.1 MPH), Distance : 350 ft
|
|
Batting: RHB Reilly Hawkins
|
0-0: Foul Ball, location: 2F 0-1: Foul Ball, location: 2F 0-2: SINGLE (Line Drive, 89S, EV 98.8 MPH)
|
|
Batting: RHB Eddie Wilkins
|
0-0: Ball Reilly Hawkins steals 2nd, throwing error, E2 Reilly Hawkins to third 1-0: Ball 2-0: Ball 3-0: Base on Balls
|
|
Batting: RHB Orlando Melchor
|
0-0: Ball 1-0: Fielders Choice at 2nd, 4-6 (Groundball, 4, EV 93.8 MPH) Reilly Hawkins scores
|
|
Pitching: RHP Chris Myers
|
|
|
Batting: RHB Antonio Pacheco
|
0-0: Hit by Pitch Orlando Melchor to second
|
|
Batting: RHB Rafael Medina
|
0-0: Ball 1-0: Called Strike 1-1: Foul Ball, location: 2F 1-2: Ball 2-2: SINGLE (Groundball, 4D, EV 106.2 MPH) Orlando Melchor to third Antonio Pacheco to second Runner from 3rd tries for Home, SAFE, throw by CF to home
|
|
Batting: SHB Santos Renteria
|
0-0: Called Strike 0-1: Foul Ball, location: 2F 0-2: Ball 1-2: Fly out, F8 (Flyball, 8LD, EV 72.5 MPH) Runner from 2nd tags up, SAFE at 3rd with throw by CF
|
|
Batting: RHB Luis Reyna
|
0-0: Fly out, F9 (Flyball, 9D, EV 91.9 MPH)
|
| Bottom of the 3rd over - 3 runs, 3 hits, 1 error, 2 left on base; Chicago (NYP) 0 - Spokane 6 |
| TOP OF THE 4TH |
|
Chicago (NYP) White Sox batting - Pitching for Spokane Indians : RHP Alexander Neustroev
|
|
Batting: LHB Adam Tarbutton
|
0-0: Ball 1-0: Swinging Strike 1-1: Swinging Strike 1-2: Ball 2-2: Strikes out swinging
|
|
Batting: RHB Russ Cornett
|
0-0: Fly out, F8 (Flyball, 8LM, EV 85.0 MPH)
|
|
Batting: SHB Alfie Bungledorf
|
0-0: Fly out, F7 (Line Drive, 8LM, EV 87.5 MPH)
|
| Top of the 4th over - 0 runs, 0 hits, 0 errors, 0 left on base; Chicago (NYP) 0 - Spokane 6 |
| BOTTOM OF THE 4TH |
|
Spokane Indians batting - Pitching for Chicago (NYP) White Sox : RHP Chris Myers
|
|
Batting: RHB Luke Stark
|
0-0: Swinging Strike 0-1: Ball 1-1: Ball 2-1: Ball 3-1: Base on Balls
|
|
Batting: RHB Ryan Pastore
|
0-0: Called Strike 0-1: Swinging Strike 0-2: Ball 1-2: Ball Luke Stark steals 2nd base (no throw) 2-2: Ball 3-2: Strikes out swinging
|
|
Batting: RHB Reilly Hawkins
|
0-0: Ball 1-0: Foul Ball, location: 2F 1-1: Ball 2-1: Ball 3-1: Base on Balls
|
|
Batting: RHB Eddie Wilkins
|
0-0: Ball 1-0: Ball 2-0: Foul Ball, location: 2F 2-1: DOUBLE (Line Drive, 3D, EV 101.9 MPH) Luke Stark scores Reilly Hawkins to third
|
|
Pitching: LHP Miguel Moreno
|
|
|
Batting: RHB Orlando Melchor
|
0-0: Ball 1-0: Ball 2-0: Called Strike 2-1: Ball 3-1: Base on Balls
|
|
Batting: RHB Antonio Pacheco
|
0-0: Called Strike 0-1: Called Strike 0-2: GRAND SLAM HOME RUN (Flyball, 78XD, EV 98.8 MPH), Distance : 397 ft
|
|
Batting: RHB Rafael Medina
|
0-0: Called Strike 0-1: Swinging Strike 0-2: Foul Ball, location: 2F 0-2: Foul Ball, location: 2F 0-2: Ball 1-2: Ball 2-2: Foul Ball, location: 2F 2-2: Strikes out swinging
|
|
Batting: SHB Santos Renteria
|
0-0: Ball 1-0: DOUBLE (Groundball, 5L, EV 101.9 MPH)
|
|
Batting: RHB Luis Reyna
|
0-0: Ground out 6-3 (Groundball, 6, EV 83.1 MPH)
|
| Bottom of the 4th over - 5 runs, 3 hits, 0 errors, 1 left on base; Chicago (NYP) 0 - Spokane 11 |
| TOP OF THE 5TH |
|
Chicago (NYP) White Sox batting - Pitching for Spokane Indians : RHP Alexander Neustroev
|
|
Batting: RHB Will Washburn
|
0-0: Hit by Pitch
|
|
Batting: LHB Joe Kirkland
|
0-0: Called Strike 0-1: Fielders Choice at 2nd, 4-6 (Groundball, 4, EV 85.6 MPH)
|
|
Batting: RHB Adan Lake
|
0-0: Called Strike 0-1: SINGLE (Groundball, 6MD, EV 97.5 MPH) Joe Kirkland to second
|
|
Batting: SHB Curtis Thompson
|
0-0: Called Strike 0-1: Swinging Strike 0-2: Fly out, F8 (Flyball, 8RXD, EV 101.2 MPH) Runner from 2nd tags up, SAFE at 3rd, no throw by CF
|
|
Batting: RHB Armando Vazquez
|
0-0: Swinging Strike 0-1: Called Strike 0-2: Foul Ball, location: 2F 0-2: Ball 1-2: Foul Ball, location: 2F 1-2: Ball 2-2: SINGLE (Groundball, 6MS, EV 69.4 MPH) (infield hit) Joe Kirkland scores Adan Lake to second
|
|
Batting: RHB Ioan Biros
|
0-0: Ball 1-0: SINGLE (Groundball, 56, EV 98.8 MPH) Adan Lake to third Armando Vazquez to second Runner from 3rd tries for Home, throw by LF and OUT! 7-2
|
| Top of the 5th over - 1 run, 3 hits, 0 errors, 2 left on base; Chicago (NYP) 1 - Spokane 11 |
| BOTTOM OF THE 5TH |
|
Spokane Indians batting - Pitching for Chicago (NYP) White Sox : LHP Miguel Moreno
|
|
Batting: RHB Luke Stark
|
0-0: Ball 1-0: Ball 2-0: Foul Ball, location: 2F 2-1: Foul Ball, location: 2F 2-2: Ball 3-2: Foul Ball, location: 2F 3-2: Strikes out swinging
|
|
Batting: RHB Ryan Pastore
|
0-0: Called Strike 0-1: Ball 1-1: SINGLE (Flyball, 8LS, EV 95.0 MPH)
|
|
Batting: RHB Reilly Hawkins
|
0-0: Ball 1-0: Ball 2-0: Fly out, F6 (Popup, 6M, EV 61.9 MPH)
|
|
Batting: RHB Eddie Wilkins
|
0-0: Ball 1-0: Foul Ball, location: 2F 1-1: Swinging Strike 1-2: Fielders Choice at 2nd, 5-4 (Groundball, 56, EV 85.0 MPH)
|
| Bottom of the 5th over - 0 runs, 1 hit, 0 errors, 1 left on base; Chicago (NYP) 1 - Spokane 11 |
| TOP OF THE 6TH |
|
Chicago (NYP) White Sox batting - Pitching for Spokane Indians : RHP Alexander Neustroev
|
|
Batting: LHB Adam Tarbutton
|
0-0: Ball 1-0: SINGLE (Groundball, 56D, EV 99.4 MPH)
|
|
Batting: RHB Russ Cornett
|
0-0: Called Strike Adam Tarbutton steals 2nd base (no throw) 0-1: Ball 1-1: SINGLE (Groundball, 6MD, EV 98.8 MPH) Adam Tarbutton to third
|
|
Batting: SHB Alfie Bungledorf
|
0-0: Ball 1-0: Called Strike 1-1: Ball 2-1: Fly out, F9 (Line Drive, 9LS, EV 107.5 MPH)
|
|
Batting: RHB Will Washburn
|
0-0: Called Strike 0-1: Called Strike 0-2: Ball 1-2: Ball 2-2: Ball 3-2: Fielders Choice at 2nd, 1-6 (Groundball, 23, EV 70.0 MPH)
|
|
Batting: LHB Joe Kirkland
|
0-0: Ball 1-0: Ball 2-0: Called Strike 2-1: Foul Ball, location: 2F 2-2: Fly out, F7 (Flyball, 7, EV 74.4 MPH)
|
| Top of the 6th over - 0 runs, 2 hits, 0 errors, 2 left on base; Chicago (NYP) 1 - Spokane 11 |
| BOTTOM OF THE 6TH |
|
Spokane Indians batting - Pitching for Chicago (NYP) White Sox : LHP Miguel Moreno
|
|
Batting: RHB Orlando Melchor
|
0-0: Swinging Strike 0-1: Foul Ball, location: 2F 0-2: Ball 1-2: Ball 2-2: Strikes out swinging
|
|
Batting: RHB Antonio Pacheco
|
0-0: Called Strike 0-1: SINGLE (Groundball, 15S, EV 68.8 MPH) (infield hit)
|
|
Batting: RHB Rafael Medina
|
0-0: Called Strike 0-1: Ball 1-1: Fielders Choice at 2nd, 4-6 (Groundball, 4, EV 79.4 MPH)
|
|
Batting: SHB Santos Renteria
|
0-0: Swinging Strike 0-1: Fly out, F8 (Flyball, 8LM, EV 93.1 MPH)
|
| Bottom of the 6th over - 0 runs, 1 hit, 0 errors, 1 left on base; Chicago (NYP) 1 - Spokane 11 |
| TOP OF THE 7TH |
|
Chicago (NYP) White Sox batting - Pitching for Spokane Indians : RHP Alexander Neustroev
|
|
Batting: RHB Adan Lake
|
0-0: Called Strike 0-1: SINGLE (Line Drive, 89M, EV 92.5 MPH)
|
|
Pinch Hitting: RHB Nate Mumaw
|
0-0: Ball 1-0: SINGLE (Groundball, 6MD, EV 108.1 MPH) Adan Lake to second
|
|
Batting: RHB Armando Vazquez
|
0-0: Called Strike 0-1: Ball 1-1: Foul Ball, location: 2F 1-2: Ball 2-2: Foul Ball, location: 2F 2-2: Strikes out swinging
|
|
Pitching: RHP Matt Fox
|
|
|
Batting: RHB Ioan Biros
|
0-0: Fielders Choice at 2nd, 6-4 (Groundball, 56, EV 86.2 MPH) Adan Lake to third
|
|
Batting: LHB Adam Tarbutton
|
0-0: Ball 1-0: Fly out, F9 (Flyball, 89S, EV 81.9 MPH)
|
| Top of the 7th over - 0 runs, 2 hits, 0 errors, 2 left on base; Chicago (NYP) 1 - Spokane 11 |
| BOTTOM OF THE 7TH |
|
Spokane Indians batting - Pitching for Chicago (NYP) White Sox : LHP Miguel Moreno
|
|
Pitching: LHP Brandon Davis
|
|
|
Now at 2B: Russ Cornett
|
|
|
Now at 3B: Nate Mumaw
|
|
|
Batting: RHB Luis Reyna
|
0-0: Swinging Strike 0-1: Called Strike 0-2: Ball 1-2: Ball 2-2: Foul Ball, location: 2F 2-2: Strikes out swinging
|
|
Batting: RHB Luke Stark
|
0-0: Ball 1-0: Called Strike 1-1: Foul Ball, location: 2F 1-2: Strikes out swinging
|
|
Batting: RHB Ryan Pastore
|
0-0: Called Strike 0-1: Foul Ball, location: 2F 0-2: Strikes out swinging
|
| Bottom of the 7th over - 0 runs, 0 hits, 0 errors, 0 left on base; Chicago (NYP) 1 - Spokane 11 |
| TOP OF THE 8TH |
|
Chicago (NYP) White Sox batting - Pitching for Spokane Indians : RHP Matt Fox
|
|
Batting: RHB Russ Cornett
|
0-0: Called Strike 0-1: Called Strike 0-2: Ball 1-2: Ball 2-2: Strikes out swinging
|
|
Batting: SHB Alfie Bungledorf
|
0-0: Ball 1-0: Called Strike 1-1: Ball 2-1: Ball 3-1: Base on Balls
|
|
Batting: RHB Will Washburn
|
0-0: Ball 1-0: Fly out, F9 (Flyball, 9D, EV 91.9 MPH)
|
|
Batting: LHB Joe Kirkland
|
0-0: Ball 1-0: Ground out 3-1 (Groundball, 34S, EV 88.1 MPH)
|
| Top of the 8th over - 0 runs, 0 hits, 0 errors, 1 left on base; Chicago (NYP) 1 - Spokane 11 |
| BOTTOM OF THE 8TH |
|
Spokane Indians batting - Pitching for Chicago (NYP) White Sox : LHP Brandon Davis
|
|
Pinch Hitting: RHB Zach Koblinski
|
0-0: Foul Ball, location: 2F 0-1: Ball 1-1: Foul Ball, location: 2F 1-2: Strikes out looking
|
|
Batting: RHB Eddie Wilkins
|
0-0: Called Strike 0-1: Ground out 1-3 (Groundball, 25, EV 70.6 MPH)
|
|
Pinch Hitting: RHB Mike Trujillo
|
0-0: Ball 1-0: Ball 2-0: Called Strike 2-1: Foul Ball, location: 2F 2-2: Ball 3-2: Strikes out swinging
|
| Bottom of the 8th over - 0 runs, 0 hits, 0 errors, 0 left on base; Chicago (NYP) 1 - Spokane 11 |
| TOP OF THE 9TH |
|
Chicago (NYP) White Sox batting - Pitching for Spokane Indians : RHP Matt Fox
|
|
Now at 2B: Rafael Medina
|
|
|
Now at 3B: Luke Stark
|
|
|
Now at SS: Zach Koblinski
|
|
|
Now in LF: Mike Trujillo
|
|
|
Batting: RHB Adan Lake
|
0-0: Called Strike 0-1: Foul Ball, location: 2F 0-2: SINGLE (Groundball, 6M, EV 103.8 MPH)
|
|
Batting: RHB Nate Mumaw
|
0-0: Ball 1-0: Called Strike 1-1: DOUBLE (Groundball, 5L, EV 105.0 MPH) Adan Lake to third
|
|
Batting: RHB Armando Vazquez
|
0-0: Ball 1-0: Ball 2-0: Foul Ball, location: 2F 2-1: Foul Ball, location: 2F 2-2: Foul Ball, location: 2F 2-2: Ground out 4-3 (Groundball, 4, EV 84.4 MPH) Adan Lake scores Nate Mumaw to third
|
|
Pinch Hitting: LHB James Groshong
|
0-0: Swinging Strike 0-1: Swinging Strike 0-2: Strikes out swinging
|
|
Batting: LHB Adam Tarbutton
|
0-0: Swinging Strike 0-1: Swinging Strike 0-2: Ball 1-2: Strikes out swinging
|
| Top of the 9th over - 1 run, 2 hits, 0 errors, 1 left on base; Chicago (NYP) 2 - Spokane 11 |
|